 Dungeon Crawl Stone Soup version 0.30-a0-360-g447f08457e (webtiles) character file.

Game seed: 9713126990726915938

2572 Bnni the Spear-Bearer (level 9, -8/72 HPs)
             Began as a Demonspawn Gladiator on Nov 13, 2022.
             Was a Follower of Yredelemnul.
             Killed by divine providence
             ... invoked by an orc priest
              (15 damage)
             ... on level 7 of the Dungeon.
             The game lasted 00:09:31 (5881 turns).

Bnni the Spear-Bearer (Demonspawn Gladiator)        Turns: 5881, Time: 00:09:31

Health: -8/72      AC: 10    Str: 19    XL:     9   Next: 32%
Magic:  9/9        EV: 20    Int: 10    God:    Yredelemnul [*.....]
Gold:   321        SH:  5    Dex: 16    Spells: 8/8 levels left

rFire   + + .      SeeInvis .    p - +4 trident
rCold   . . .      Faith    .    (no shield)
rNeg    . . .      Spirit   .    A - +2 ring mail {rF+}
rPois   .          Reflect  +    c - +0 helmet
rElec   .          Harm     .    i - +1 cloak
rCorr   .          Rampage  .    (no gloves)
Will    .....                    (no boots)
Stlth   ++........               u - amulet of reflection
HPRegen 0.32/turn                q - +4 ring of evasion
MPRegen 0.11/turn                w - ring of protection from fire

@: mighty, agile
A: thin skeletal structure 1, ignite blood 1, powered by pain 1, demonic touch 1
a: Renounce Religion, Recall Undead Harvest


You were on level 7 of the Dungeon.
You worshipped Yredelemnul.
Yredelemnul was noncommittal.
You visited 2 branches of the dungeon, and saw 8 of its levels.

You collected 321 gold pieces.

Inventory:

Hand Weapons
 p - a +4 trident (weapon)
Missiles
 d - 4 throwing nets (quivered)
 e - a javelin
 h - 6 boomerangs
Armour
 c - a +0 helmet (worn)
 i - a +1 cloak (worn)
 s - a scarf of shadows
 A - a +2 ring mail of fire resistance (worn)
Jewellery
 q - a +4 ring of evasion (left hand)
 u - an amulet of reflection (around neck)
 w - a ring of protection from fire (right hand)
Wands
 a - a wand of paralysis (19)
 j - a wand of quicksilver (7)
 B - a wand of digging (4)
Scrolls
 b - 2 scrolls of torment {unknown}
 f - 4 scrolls of fear {unknown}
 g - a scroll of enchant armour {unknown}
 k - 4 scrolls of teleportation {unknown}
 r - a scroll of amnesia {unknown}
 v - a scroll of blinking {unknown}
 y - 2 scrolls of noise {unknown}
 z - a scroll of enchant weapon {unknown}
 C - a scroll of poison {unknown}
 F - a scroll of fog {unknown}
Potions
 l - 5 potions of curing {unknown}
 m - 3 potions of might
 n - a potion of mutation
 o - 2 potions of berserk rage
 t - a potion of invisibility
 x - a potion of flight {unknown}
 D - 2 potions of haste {unknown}
 E - a potion of lignification {unknown}


   Skills:
 + Level 7.5 Fighting
 * Level 10.0 Polearms
 - Level 1.7 Throwing
 - Level 2.6 Dodging


You had 8 spell levels left.
You didn't know any spells.
Your spell library contained the following spells:

 Spells                   Type           Power      Damage    Failure   Level
 Foxfire                  Conj/Fire      0%         2x1d4     54%         1
 Freeze                   Ice            0%         1d3       54%         1
 Sting                    Tmut/Pois      0%         1d3       54%         1
 Summon Small Mammal      Summ           0%         N/A       54%         1
 Poisonous Vapours        Pois/Air       0%         N/A       69%         2
 Call Canine Familiar     Summ           0%         N/A       89%         3
 Frozen Ramparts          Ice            0%         1d1       89%         3
 Hailstorm                Conj/Ice       0%         3d3       89%         3
 Summon Guardian Golem    Hex/Summ       0%         N/A       89%         3
 Olgreb's Toxic Radiance  Pois           0%         N/A       100%        4
 Fireball                 Conj/Fire      0%         3d3       100%        5
 Starburst                Conj/Fire      0%         6d3       100%        6


Dungeon Overview and Level Annotations

Branches:
Dungeon (7/15)             Temple (1/1) D:7

Altars:
Ashenzari
Cheibriados
Dithmenos
Gozag
Hepliaklqana
Makhleb
Nemelex Xobeh
Okawaru
Qazlal
Sif Muna
Uskayaw
Vehumet
Wu Jian
Xom
Yredelemnul

Shops:
D:3 (   D:4 :   D:7 *

Annotations:
D:7 1 transporter


Innate Abilities, Weirdness & Mutations

You have a somewhat thin skeletal structure. (Dex +2, Stealth+)
Your demonic aura sometimes causes spilled blood to erupt in flames.
You sometimes gain a little power by taking damage.
Your touch may inflict minor irresistible damage on your foes.


Message History

Orders for allies: a - Attack new target. p - Attack previous target. r - Retreat! s - Stop attacking. g - Guard the area. f - Follow me.
Anything else - Cancel.
Gang up on whom?
Press: ? - help, Dir - move target, f - smoke demon, p - orc priest
Aim: a smoke demon (lightly wounded, summoned) Attack!
The plant is engulfed in a cloud of scalding steam.
Your black bear zombie is engulfed in a cloud of scalding steam.
Your black bear zombie bites the smoke demon but does no damage.
Your black bear zombie barely misses the smoke demon.
Your black bear zombie claws the smoke demon but does no damage.
The smoke demon hits your black bear zombie. x3
The orc priest calls down the wrath of Beogh upon you.
Beogh smites you!
* * * LOW HITPOINT WARNING * * *
You focus on the pain.
You feel very mighty all of a sudden.
Unknown command.
The plant is engulfed in a cloud of scalding steam.
The smoke demon hits your black bear zombie. x3
Your black bear zombie is engulfed in a cloud of scalding steam.
Your black bear zombie bites the smoke demon but does no damage.
Your black bear zombie claws the smoke demon but does no damage.
Your black bear zombie claws the smoke demon.
The plant is engulfed in a cloud of scalding steam.
A nearby plant withers and dies.
The smoke demon hits your black bear zombie. x2
Your black bear zombie is destroyed!
Your ogre zombie is engulfed in a cloud of scalding steam.
The orc priest looks braver for a moment.
You can no longer trade souls for undead servants.
The smoke demon hits your ogre zombie. x3
The orc priest miscasts a cantrip.
Your ogre zombie hits the smoke demon!
The orc priest mumbles some strange prayers to Beogh against you.
Beogh smites you!
You die...
Your body rises from the dead as a mindless zombie.

#......#...ZZ### #......#...Z.##.
#......#....####
################......##'#####.
#.Z.Z.................#..# #..
#Z###############.....'.## ##.
#.#8~#...o5o5#P8#.....#######..
##.#P.#≈≈≈≈≈≈≈#.§#...######.#...
##..#$!#..P~~..#@.#...#.#.#Z.....
#..©#©.+..~♣P.ZZ.©#©..'..........
#..Z#$!#..~~~.3#§.#...###.#......
#.#.#P.#≈≈≈≈≈≈≈#.P#.....####.#...
#..Z#8P#...5ooK#P8#.)....######..
##..###############.......## ##.
#....Z.....................## #..
#.........#.................####.
#######...#.....##)###.......# ##


You could see a kobold demonologist, a smoke demon (summoned, ally target), 4
orc priests, 3 shadow imps, a friendly ogre zombie and the friendly Joseph the
human zombie.

Vanquished Creatures
  A kobold demonologist (D:7)
  Prince Ribbit (D:7)
  Duvessa (D:7)
  2 ice beasts (D:6)
  A black bear (D:7)
  3 centaurs
  2 ogres (D:7)
  3 scorpions
  A howler monkey (D:6)
  5 hounds
  3 orc priests
  A gnoll bouda (D:7)
  3 jellies
  Ijyb (D:3)
  2 orc wizards (D:5)
  An iguana (D:6)
  5 gnolls (D:7)
  8 adders
  A shadow imp (D:5)
  A white imp (D:6)
  2 ufetubi
  A worm (D:5)
  2 dart slugs
  14 orcs
  7 bats
  4 endoplasms
  4 giant cockroaches
  8 goblins
  8 hobgoblins (D:1)
  4 jackals (D:1)
  11 kobolds
  5 quokkas
  8 ball pythons
  3 frilled lizards
  6 rats
133 creatures vanquished.

Vanquished Creatures (collateral kills)
  Joseph (D:7)
  Dowan (D:7)
  A gnoll bouda (D:7)
  2 gnolls (D:7)
5 creatures vanquished.

Vanquished Creatures (others)
  A black bear zombie (D:7)
  An ogre zombie (D:7)
  4 gnoll zombies (D:7)
  2 plants
  4 toadstools (D:1)
12 creatures vanquished.

Grand Total: 150 creatures vanquished

Notes
Turn   | Place    | Note
-------+----------+-------------------------------------------
     0 | D:1      | Bnni the Demonspawn Gladiator began the quest for the Orb.
     0 | D:1      | Reached XP level 1. HP: 16/16 MP: 1/1
    34 | D:1      | Reached skill level 3 in Polearms
    79 | D:1      | Gained mutation: Your touch may inflict minor irresistible
                  | damage on your foes. [demonic ancestry]
    79 | D:1      | Reached XP level 2. HP: 22/22 MP: 2/2
   346 | D:1      | Reached XP level 3. HP: 24/28 MP: 3/3
  1588 | D:2      | Reached skill level 4 in Polearms
  1734 | D:2      | Reached XP level 4. HP: 31/34 MP: 4/4
  2091 | D:3      | Found Diarch's Antique Weapon Shop.
  2195 | D:3      | Noticed Ijyb
  2199 | D:3      | Killed Ijyb
  2633 | D:4      | Gained mutation: You sometimes gain a little power by
                  | taking damage. [demonic ancestry]
  2633 | D:4      | Reached XP level 5. HP: 41/41 MP: 5/5
  2653 | D:4      | Found Loehim's Vocational Training.
  3023 | D:4      | Reached skill level 5 in Polearms
  3128 | D:5      | Entered Level 5 of the Dungeon
  3191 | D:5      | Gained mutation: Your demonic aura sometimes causes spilled
                  | blood to erupt in flames. [demonic ancestry]
  3191 | D:5      | Reached XP level 6. HP: 43/48 MP: 6/6
  3422 | D:5      | Reached skill level 6 in Polearms
  3628 | D:5      | Reached XP level 7. HP: 41/55 MP: 7/7
  3713 | D:5      | Identified the +1 robe "Ygail" {Fly Will++ Int-3}
  3879 | D:5      | Found a burning altar of Makhleb.
  3969 | D:5      | Found a snail-covered altar of Cheibriados.
  4181 | D:6      | Reached skill level 5 in Fighting
  4184 | D:6      | Reached skill level 7 in Polearms
  4323 | D:6      | Gained mutation: You have a somewhat thin skeletal
                  | structure. (Dex +2, Stealth+) [demonic ancestry]
  4323 | D:6      | Reached XP level 8. HP: 20/63 MP: 8/8
  4782 | D:6      | Reached skill level 8 in Polearms
  5065 | D:7      | Found Xere's Assorted Antiques.
  5195 | D:7      | Found a staircase to the Ecumenical Temple.
  5195 | D:7      | Noticed Prince Ribbit
  5199 | D:7      | Killed Prince Ribbit
  5212 | Temple   | Entered the Ecumenical Temple
  5292 | Temple   | Became a worshipper of Yredelemnul the Dark
  5372 | D:7      | Reached * piety under Yredelemnul
  5388 | D:7      | Noticed Joseph
  5403 | D:7      | Killed Joseph
  5404 | D:7      | Reached ** piety under Yredelemnul
  5404 | D:7      | Reached skill level 9 in Polearms
  5404 | D:7      | Reached XP level 9. HP: 52/72 MP: 9/9
  5519 | D:7      | Reached *** piety under Yredelemnul
  5554 | D:7      | Found a transporter.
  5728 | D:7      | Noticed a kobold demonologist
  5730 | D:7      | Noticed Duvessa
  5730 | D:7      | Noticed Dowan
  5739 | D:7      | Killed Duvessa
  5740 | D:7      | Killed Dowan
  5752 | D:7      | Noticed a kobold demonologist
  5806 | D:7      | Found a transporter.
  5868 | D:7      | Noticed a smoke demon
  5868 | D:7      | Killed a kobold demonologist
  5869 | D:7      | Reached skill level 10 in Polearms
  5881 | D:7      | Killed from afar by an orc priest

Illustrated notes

Levels and vault maps discovered:
D:1:      ldierk_walled_garden_2, layout_loops_corners
D:2:      layout_basic
D:3:      layout_rooms, nicolae_elyvilon_temple_path, serial_shops, shop,
          uniq_ijyb
D:4:      layout_cave_pools, serial_forest, infiniplex_forest_straight_3,
          infiniplex_forest_end_double, infiniplex_forest_clump_cross,
          infiniplex_forest_lined_2, infiniplex_forest_lined_corner,
          infiniplex_forest_lined_corner, nicolae_shop_vocational
D:5:      layout_gridville, mainiacjoe_overflow_alcove_4,
          cheibrodos_worm_habitat
D:6:      layout_rooms, minmay_misc_feat_alley, hangedman_decor_riveting,
          corexii_item_surrounded_by_moat, wad_floor_pattern_1
D:7:      gammafunk_wand_slinger, layout_gridville,
          minmay_temple_entry_stoned_glass, serial_shops, kennysheep_mini,
          minmay_misc_feat_pillars, nicolae_figureground_sparkle,
          uniq_prince_ribbit1, uniq_duvessa, uniq_joseph
Temple:   compressed_dpeg_triangle_lava_temple

Skill      XL: |  1  2  3  4  5  6  7  8  9 |
---------------+----------------------------+-----
Polearms       | 3 4 5 6 7 9 10 | 10.0
Fighting       | 3 4 5 7 |  7.5
Throwing       | |  1.7
Dodging        | |  2.6

Action                   |  1- 3 |  4- 6 |  7- 9 || total
-------------------------+-------+-------+-------++-------
Melee: Trident           |   101 |   129 |   135 ||   365
       Punch             |     1 |       |     2 ||     3
       Touch             |    14 |    17 |    19 ||    50
Invok: Recall Undead Har |       |       |     2 ||     2
  Use: Scroll            |       |     3 |     2 ||     5
 Stab: Sleeping          |     3 |       |     2 ||     5
Armor: Leather armour    |    13 |       |       ||    13
       Ring mail         |     3 |    24 |    10 ||    37
       Scale mail        |       |    18 |     7 ||    25
Dodge: Dodged            |    27 |    75 |    59 ||   161
Block: Other             |       |     8 |    20 ||    28
       Reflection        |       |     1 |     2 ||     3

Table legend: (Time is in decaauts)
 A = Elapsed time spent in this place.
 B = Non-inter-level travel time spent in this place.
 C = Inter-level travel time spent in this place.
 D = Time resting spent in this place.
 E = Time spent auto-exploring this place.
 F = Levels seen in this place.
 G = Mean time per level.
                   A        B        C        D        E       F      G
               +--------+--------+--------+--------+--------+-----+--------+
         Total |   5894 |   5664 |    230 |      0 |   4738 |   8 |  736.8 |
       Dungeon |   5805 |   5582 |    223 |      0 |   4672 |   7 |  829.3 |
        Temple |     88 |     81 |      7 |      0 |     66 |   1 |   88.0 |
               +--------+--------+--------+--------+--------+-----+--------+

Top non-repeatable levels by time:
     D:2: 1049 daAuts
     D:1: 1015 daAuts
     D:5: 960 daAuts
     D:6: 903 daAuts
     D:7: 795 daAuts
     D:4: 548 daAuts
     D:3: 532 daAuts
  Temple: 88 daAuts
